 Dungeon Crawl Stone Soup version 0.31.0-4-g52a2dc7128 (webtiles) character file.

Game seed: 4419115529920138978

84 SnakkuSnakku7 the Trooper (level 4, 0/35 HPs)
             Began as a Merfolk Earth Elementalist on Jan 22, 2024.
             Slain by a gnoll
             ... wielding a +0 flail
              (6 damage)
             ... on level 2 of the Dungeon.
             The game lasted 00:02:53 (1046 turns).

SnakkuSnakku7 the Trooper (MfEE)                    Turns: 1046, Time: 00:02:54

Health: 0/35       AC:  2    Str:  8    XL:     4   Next: 45%
Magic:  2/7        EV: 13    Int: 14    God:
Gold:   73         SH:  0    Dex: 16    Spells: 6/7 levels left

rFire   . . .        a - +0 sling
rCold   . . .        (no shield)
rNeg    . . .        n - +0 robe
rPois   .            (no helmet)
rElec   .            (no cloak)
rCorr   .            (no gloves)
SInv    .            (no boots)
Will    .....        (no amulet)
Stlth   ++           (no ring)
HPRegen 0.25/turn    (no ring)
MPRegen 0.10/turn

%: no passive effects
@: no status effects
A: (nimble swimmer 2), mertail
a: no special abilities


You were on level 2 of the Dungeon.
You visited 1 branch of the dungeon, and saw 2 of its levels.

You collected 73 gold pieces.

Inventory:

Hand Weapons
 a - a +0 sling (weapon)
 h - a +0 spear
 m - a +0 short sword
Armour
 n - a +0 robe (worn)
Scrolls
 c - a scroll of blinking {unknown}
 d - 2 scrolls of teleportation {unknown}
 e - 2 scrolls of enchant armour {unknown}
 f - a scroll of fear {unknown}
 i - a scroll of amnesia {unknown}
 j - a scroll of vulnerability {unknown}
 k - a scroll of identify {unknown}
 o - 2 scrolls of immolation {unknown}
Potions
 b - a potion of magic
 g - 2 potions of might {unknown}
 l - a potion of lignification {unknown}
 p - a potion of curing {unknown}


   Skills:
 - Level 3.0 Fighting
 + Level 2.1 Ranged Weapons
 - Level 2.6 Dodging
 - Level 2.1 Stealth
 - Level 2.0 Spellcasting
 - Level 0.7 Conjurations
 - Level 2.4 Earth Magic


You had 6 spell levels left.
You knew the following spells:

 Your Spells              Type           Power      Damage    Failure   Level
a - Sandblast             Erth           16%        2d6       9%          1

Your spell library contained the following spells:

 Spells                   Type           Power      Damage    Failure   Level
 Passwall                 Erth           8%         N/A       26%         3
 Stone Arrow              Conj/Erth      10%        3d7       36%         3
 Tukima's Dance           Hex            1%         N/A       56%         3
 Brom's Barrelling Bould  Conj/Erth      5%         2d3       77%         4
 Petrify                  Alch/Erth      4%         N/A       82%         4
 Iskenderun's Mystic Bla  Conj/Tloc      2%         2d3       90%         4
 Dimensional Bullseye     Hex/Tloc       0%         N/A       93%         4


Dungeon Overview and Level Annotations

Branches:
Dungeon (2/15)

Altars:
Cheibriados


Innate Abilities, Weirdness & Mutations

((You are very nimble when in or above water. (Stealth+, EV+, Speed+++)))
Your lower body shifts to a powerful aquatic tail in water.


Message History

Press: ? - help, Shift-Dir - straight line, f/p - gnoll
Aim: a gnoll, wielding a +0 flail and wearing a +0 scale mail (86% to hit)
The blast of sand hits the gnoll but does no damage.
The gnoll hits you with a +0 flail! The gnoll closely misses you.
Unknown command.
Casting: Sandblast (safe; 9% risk of failure)
Confirm with . or Enter, or press ? or * to list all spells.
Aiming: Sandblast (safe; 9% risk of failure)
Press: ? - help, Shift-Dir - straight line, f/p - gnoll
Aim: a gnoll, wielding a +0 flail and wearing a +0 scale mail (86% to hit)
The blast of sand hits the gnoll but does no damage.
The gnoll hits you with a +0 flail.
Unknown command.
Casting: Sandblast (safe; 9% risk of failure)
Confirm with . or Enter, or press ? or * to list all spells.
Aiming: Sandblast (safe; 9% risk of failure)
Press: ? - help, Shift-Dir - straight line, f/p - gnoll
Aim: a gnoll, wielding a +0 flail and wearing a +0 scale mail (86% to hit)
The blast of sand hits the gnoll but does no damage.
The gnoll closely misses you. The gnoll hits you with a +0 flail.
* * * LOW HITPOINT WARNING * * *
Unknown command.
You aren't carrying any items that you can evoke.
Unknown command.
Okay, then.
Fire: a) +0 sling
Press: ? - help, Q - select action, (/) - cycle Shift-Dir - straight line, f/p - gnoll
Aim: a gnoll, wielding a +0 flail and wearing a +0 scale mail (67% to hit)
You shoot a sling bullet.
The sling bullet closely misses the gnoll.
The gnoll misses you.
Fire: a) +0 sling
Press: ? - help, Q - select action, (/) - cycle Shift-Dir - straight line, f/p - gnoll
Aim: a gnoll, wielding a +0 flail and wearing a +0 scale mail (67% to hit)
You shoot a sling bullet.
The sling bullet completely misses the gnoll.
The gnoll hits you with a +0 flail.
* * * LOW HITPOINT WARNING * * *
The gnoll hits you with a +0 flail.
You die...

...........## )...........##
.............# ###########
...<.........# #.........##
............†# #...........
.............# #.........#
.............###.).......#
..........)..))).........##.
#..........#####@g..........
######.##.## #.........?...
.# #.##.# ###.....[.......
.#####..#.###...............
.##....>..##..#######.#.....
.#...........## .# ....
............## .. ...
.............# ##.
.............######## .. .


You could see a gnoll.

Vanquished Creatures
  2 gnolls (D:2)
  An adder (D:2)
  A ribbon worm (D:1)
  A dart slug (D:2)
  A ball python (D:2)
  6 bats
  3 endoplasms
  A giant cockroach (D:2)
  10 goblins
  2 hobgoblins
  8 jackals
  A quokka (D:2)
  3 frilled lizards
  3 kobolds (D:2)
  2 rats
45 creatures vanquished.

Notes
Turn   | Place    | Note
-------+----------+-------------------------------------------
     0 | D:1      | SnakkuSnakku7 the Merfolk Earth Elementalist began the
                  | quest for the Orb.
     0 | D:1      | Reached XP level 1. HP: 13/13 MP: 3/3
   188 | D:1      | Reached skill level 1 in Fighting
   248 | D:1      | Reached XP level 2. HP: 8/22 MP: 5/5
   256 | D:1      | Reached skill level 2 in Fighting
   537 | D:1      | Reached XP level 3. HP: 28/28 MP: 0/6
   567 | D:2      | Found a snail-covered altar of Cheibriados.
   612 | D:2      | Reached skill level 3 in Fighting
   739 | D:2      | Reached skill level 1 in Ranged Weapons
   854 | D:2      | Reached XP level 4. HP: 34/35 MP: 7/7
  1046 | D:2      | Slain by a gnoll

Illustrated notes

Levels and vault maps discovered:
D:1:      minmay_arrival_split_and_join, layout_rooms, minmay_pentomino_t2
D:2:      layout_rooms, basic_altar

Skill      XL: |  1  2  3  4 |
---------------+-------------+-----
Fighting       | 1 2 3 |  3.0
Ranged Weapons | 1 2 |  2.1
Dodging        | |  2.6
Stealth        | |  2.1
Spellcasting   | |  2.0
Conjurations   | |  0.7
Earth Magic    | |  2.4

Action                     |  1- 3 |  4- 6 || total
---------------------------+-------+-------++-------
  Melee: Spear             |    24 |       ||    24
         Short sword       |     8 |       ||     8
   Fire: Sling             |    62 |    33 ||    95
   Cast: Sandblast         |    27 |    17 ||    44
   Stab: Sleeping          |     1 |       ||     1
 Armour: Robe              |    39 |    16 ||    55
  Dodge: Dodged            |    76 |    13 ||    89
